 Dungeon Crawl Stone Soup version 0.30-a0-739-gea05faddec (console) character file.

Game seed: 5605896415840136240

5740 rlgrobin the Grappler (level 10, -4/91 HPs)
             Began as a Troll Ice Elementalist on Feb 4, 2023.
             Was a Priest of Cheibriados.
             Slain by a cyan ugly thing (12 damage)
             ... on level 11 of the Dungeon.
             The game lasted 00:21:04 (9453 turns).

rlgrobin the Grappler (Troll Ice Elementalist)      Turns: 9453, Time: 00:21:05

Health: -4/91      AC:  8    Str: 26    XL:     10   Next: 49%
Magic:  14/14      EV: 12    Int: 29    God:    Cheibriados [***...]
Gold:   428        SH:  0    Dex: 18    Spells: 9/16 levels left

rFire   . . .      SeeInvis .      - Unarmed
rCold   + . .      Faith    .    (no shield)
rNeg    + . .      Spirit   .    p - +2 robe {rN+}
rPois   .          Reflect  .    (helmet restricted)
rElec   .          Harm     .    g - +1 cloak
rCorr   .          Rampage  .    (gloves unavailable)
Will    .....                    (boots unavailable)
Stlth   ++                       i - amulet of the acrobat
HPRegen 1.15/turn                o - +6 ring of intelligence
MPRegen 0.14/turn                A - ring of protection from cold

@: very slow
A: large, unfitting armour, claws 3, regeneration 1, shaggy fur 1, tough skin 1
a: Renounce Religion, Bend Time, Temporal Distortion


You were on level 11 of the Dungeon.
You worshipped Cheibriados.
Cheibriados was most pleased with you.
You visited 2 branches of the dungeon, and saw 12 of its levels.
You also visited: Ossuary.

You collected 555 gold pieces.
You spent 127 gold pieces at shops.

Inventory:

Missiles
 v - 44 poisoned darts
 w - 2 curare-tipped darts
Armour
 g - a +1 cloak (worn)
 p - a +2 robe of positive energy (worn)
Jewellery
 i - an amulet of the acrobat (around neck)
 o - a +6 ring of intelligence (left claw)
 y - an amulet of guardian spirit
 A - a ring of protection from cold (right claw)
Wands
 f - a wand of flame (12)
 m - a wand of roots (14)
 z - a wand of paralysis (7)
Scrolls
 e - 9 scrolls of teleportation
 j - 3 scrolls of immolation
 l - 4 scrolls of fear
 t - a scroll of amnesia
 x - 2 scrolls of magic mapping
Potions
 a - 4 potions of brilliance
 b - 2 potions of magic
 c - 3 potions of heal wounds
 d - a potion of resistance {unknown}
 h - a potion of flight
 k - 4 potions of curing
 n - 3 potions of attraction
 q - a potion of ambrosia {unknown}
 r - a potion of might
 s - 3 potions of cancellation
 u - 2 potions of mutation


   Skills:
 - Level 3.0 Fighting
 - Level 5.5 Dodging
 - Level 1.0 Stealth
 + Level 10.2 Unarmed Combat
 - Level 3.6 Spellcasting
 - Level 5.1 Ice Magic
 - Level 4.7 Invocations


You had 9 spell levels left.
You knew the following spells:

 Your Spells              Type           Power      Damage    Failure   Level
a - Freeze                Ice            100%       1d10      1%          1
b - Ozocubu's Armour      Ice            35%        N/A       2%          3
c - Frozen Ramparts       Ice            70%        1d11      2%          3

Your spell library contained the following spells:

 Spells                   Type           Power      Damage    Failure   Level
 Ensorcelled Hibernation  Hex/Ice        40%        N/A       3%          2
 Apportation              Tloc           10%        N/A       8%          1
 Foxfire                  Conj/Fire      20%        2x1d5     8%          1
 Magic Dart               Conj           20%        1d4       8%          1
 Slow                     Hex            20%        N/A       8%          1
 Blink                    Tloc           10%        N/A       11%         2
 Call Imp                 Summ           5%         N/A       11%         2
 Lesser Beckoning         Tloc           10%        N/A       11%         2
 Momentum Strike          Conj/Tloc      10%        3d8       11%         2
 Passwall                 Tmut/Erth      4%         N/A       11%         2
 Searing Ray              Conj           10%        2d4       11%         2
 Sublimation of Blood     Necr           5%         N/A       11%         2
 Wereblood                Tmut           5%         N/A       11%         2
 Confusing Touch          Hex            5%         N/A       22%         3
 Dazzling Flash           Conj/Hex       10%        N/A       22%         3
 Ignite Poison            Fire/Tmut/Pois 5%         N/A       22%         3
 Kindle Blastsparks       Fire/Tloc/Air  10%        2d10      22%         3
 Mephitic Cloud           Conj/Pois/Air  5%         N/A       22%         3
 Summon Guardian Golem    Hex/Summ       5%         N/A       22%         3
 Swiftness                Air            5%         N/A       22%         3
 Vampiric Draining        Necr           5%         2d6       22%         3
 Summon Ice Beast         Ice/Summ       20%        N/A       26%         4
 Anguish                  Hex/Necr       2%         N/A       58%         4
 Cause Fear               Hex            2%         N/A       58%         4
 Fulminant Prism          Conj/Hex       2%         3d5       58%         4
 Petrify                  Tmut/Erth      5%         N/A       58%         4
 Freezing Cloud           Conj/Ice/Air   7%         6-21      69%         5
 Alistair's Intoxication  Tmut/Pois      3%         N/A       90%         5
 Irradiate                Conj/Tmut      2%         3d12      90%         5
 Enfeeble                 Hex            2%         N/A       100%        7
 Summon Hydra             Summ           2%         N/A       100%        7
 Fire Storm               Conj/Fire      2%         8d1       100%        9


Dungeon Overview and Level Annotations

Branches:
Dungeon (11/15)            Temple (1/1) D:6         Ossuary (visited)
   Lair: D:8-11         Orc: D:9-12

Altars:
Ashenzari
Cheibriados
Dithmenos
Fedhas
Gozag
Hepliaklqana
Kikubaaqudgha
Makhleb
Nemelex Xobeh
Okawaru
Qazlal
Ru
Sif Muna
Trog
Uskayaw
Vehumet
Wu Jian
Xom
Zin
The Shining One

Shops:
D:3 [   D:4 (*(?*   D:5 ?

Annotations:
D:10 3 runed translucent doors


Innate Abilities, Weirdness & Mutations

You are too large for most types of armour.
You have claws for hands.
Your natural rate of healing is unusually fast.
You are covered in fur. (AC +1)
You have tough skin. (AC +1)


Message History

The rust devil screeches!
A red devil comes into view. It is wielding a +0 trident.
The cyan ugly thing completely misses you.
The red devil moves out of view.
An ice devil comes into view.
The cyan ugly thing attacks as you move away!
The cyan ugly thing misses you.
A troll comes into view.
The troll shouts!
The cyan ugly thing misses you. The cyan ugly thing headbutts you!
The cyan ugly thing shocks you!
There is a stone staircase leading down here.
The cyan ugly thing closely misses you.
You climb downwards.
Found 22 gold pieces and 3 stones.
There is a stone staircase leading up here.
You barely miss the cyan ugly thing.
The cyan ugly thing headbutts you but does no damage.
You closely miss the cyan ugly thing. The cyan ugly thing headbutts you.
The cyan ugly thing shocks you!
You closely miss the cyan ugly thing. Your claw misses the cyan ugly thing.
The cyan ugly thing headbutts you! The cyan ugly thing shocks you!
You mangle the cyan ugly thing!!
The cyan ugly thing is moderately wounded.
You claw the cyan ugly thing!
The cyan ugly thing is heavily wounded.
The cyan ugly thing completely misses you.
You claw the cyan ugly thing!
The cyan ugly thing is severely wounded.
The cyan ugly thing headbutts you. The cyan ugly thing shocks you!
* * * LOW HITPOINT WARNING * * *
You claw the cyan ugly thing! Your claw misses the cyan ugly thing.
The cyan ugly thing is almost dead.
The cyan ugly thing closely misses you.
You scratch the cyan ugly thing.
The cyan ugly thing is almost dead.
The cyan ugly thing headbutts you!
* * * LOW HITPOINT WARNING * * *
The cyan ugly thing shocks you!
You die...

+.....# ..
#.....# #.
#........
#.....#.# #
##.....#.#.#.#
...........
#.....#
#..@u.#
#....##
#......
#........
#.$....##..
#....... #
#........
#(........


You could see a cyan ugly thing.

Vanquished Creatures
  A soul eater (D:10)
  An ice devil (D:10)
  A red devil (D:10)
  A hornet (D:9)
  A wraith (D:9)
  2 wyverns
  A chaos spawn (D:10)
  A steam dragon (D:8)
  8 orc warriors
  3 black bears
  A sky beast (D:8)
  An ice beast (D:8)
  An ogre (D:5)
  A centaur (D:9)
  3 kobold brigands
  3 bullfrogs
  2 scorpions
  A necrophage (D:5)
  6 wights
  9 killer bees (D:9)
  2 jellies
  3 quasits (D:10)
  2 hounds
  7 orc priests
  A gnoll bouda (D:8)
  An iguana (D:4)
  13 orc wizards
  3 mummies (Ossuary)
  Robin (D:3)
  8 gnolls
  7 adders
  A white imp (D:7)
  3 ufetubi
  4 worms
  4 dart slugs
  59 orcs
  3 ball pythons
  5 endoplasms
  4 giant cockroaches
  11 goblins
  7 hobgoblins
  34 kobolds
  A quokka (D:1)
  2 bats
  5 frilled lizards
  A gnoll zombie (Ossuary)
  2 goblin zombies (Ossuary)
  A hobgoblin zombie (Ossuary)
  A jackal zombie (D:5)
  2 kobold zombies (Ossuary)
  2 orc zombies (Ossuary)
  4 rats
252 creatures vanquished.

Vanquished Creatures (others)
  12 plants (D:5)
12 creatures vanquished.

Grand Total: 264 creatures vanquished

Notes
Turn   | Place    | Note
-------+----------+-------------------------------------------
     0 | D:1      | rlgrobin the Troll Ice Elementalist began the quest for the
                  | Orb.
     0 | D:1      | Reached XP level 1. HP: 16/16 MP: 1/1
    67 | D:1      | Reached skill level 1 in Unarmed Combat
   130 | D:1      | Got Bemm's Directory of Power and the Whammy
   153 | D:1      | Reached XP level 2. HP: 24/24 MP: 2/2
   242 | D:1      | Reached skill level 2 in Unarmed Combat
   746 | D:2      | Found a faded altar of an unknown god.
   981 | D:2      | Reached XP level 3. HP: 31/31 MP: 3/3
  1377 | D:3      | Reached skill level 3 in Unarmed Combat
  1395 | D:3      | Noticed Robin
  1410 | D:3      | Killed Robin
  1435 | D:3      | Reached XP level 4. HP: 27/39 MP: 4/4
  1527 | D:3      | Reached skill level 4 in Unarmed Combat
  1541 | D:3      | Learned a level 3 spell: Ozocubu's Armour
  1601 | D:3      | Got the Handbook of Hyperthermia
  1651 | D:3      | Reached XP level 5. HP: 38/45 MP: 5/5
  1671 | D:3      | Found Edebeffe's Antique Armour Boutique.
  1676 | D:3      | Bought an embroidered robe for 85 gold pieces
  1728 | D:3      | Reached skill level 5 in Unarmed Combat
  2172 | D:4      | Found Wacadevy's Weapon Shop.
  2239 | D:4      | Found Yckimiypn's Weapon Shop.
  2241 | D:4      | Found Gyodeydd's General Store.
  2241 | D:4      | Found Nuhas's General Store.
  2243 | D:4      | Found Qoylar's Magic Scroll Shop.
  2254 | D:4      | Bought a scroll of teleportation for 42 gold pieces
  2618 | D:4      | Reached XP level 6. HP: 49/53 MP: 6/6
  2658 | D:4      | Reached skill level 6 in Unarmed Combat
  2693 | D:4      | Found a shimmering altar of Xom.
  2953 | D:5      | Entered Level 5 of the Dungeon
  3024 | D:5      | Found a sand-covered staircase.
  3040 | Ossuary  | Entered an ossuary
  3414 | D:5      | Reached skill level 7 in Unarmed Combat
  3612 | D:5      | Reached XP level 7. HP: 54/59 MP: 7/7
  3703 | D:5      | Found a shadowy altar of Dithmenos.
  3759 | D:5      | Reached skill level 8 in Unarmed Combat
  3780 | D:5      | Identified the +2 mace of Res Nullius {flame, rCorr Dex+3}
  3960 | D:5      | Reached skill level 1 in Fighting
  4439 | D:5      | Found Yniapi Heri's Magic Scroll Shop.
  4987 | D:6      | Reached XP level 8. HP: 70/75 MP: 8/8
  5173 | D:6      | Found a staircase to the Ecumenical Temple.
  5187 | Temple   | Entered the Ecumenical Temple
  5187 | Temple   | Found a transporter.
  5187 | Temple   | Found a transporter.
  5189 | Temple   | Found a transporter.
  5189 | Temple   | Found a transporter.
  5223 | Temple   | Became a worshipper of Cheibriados the Contemplative
  5497 | D:6      | Found a glowing golden altar of the Shining One.
  5499 | D:6      | Found a burning altar of Makhleb.
  5729 | D:6      | Found a hazy altar of Hepliaklqana.
  6335 | D:7      | Reached skill level 5 in Dodging
  6628 | D:7      | Reached * piety under Cheibriados
  6712 | D:7      | Reached skill level 1 in Invocations
  7021 | D:8      | Reached XP level 9. HP: 81/81 MP: 10/10
  7525 | D:9      | Reached ** piety under Cheibriados
  7620 | D:9      | Identified the +3 ring mail of Sloth {Drain rF+ Dex+5 SInv}
  8251 | D:9      | Reached *** piety under Cheibriados
  8488 | D:9      | Reached skill level 5 in Ice Magic
  8488 | D:9      | Reached XP level 10. HP: 83/91 MP: 14/14
  8568 | D:9      | Upgraded the game from 0.30-a0-738-g116ff8c4af to
                  | 0.30-a0-739-gea05faddec
  8599 | D:10     | Entered Level 10 of the Dungeon
  8880 | D:10     | Noticed a cyan ugly thing
  8912 | D:10     | Noticed a sun demon
  8965 | D:9      | Learned a level 3 spell: Frozen Ramparts
  9045 | D:10     | Reached skill level 9 in Unarmed Combat
  9159 | D:10     | Found a runed translucent gate.
  9159 | D:10     | Found a runed translucent gate.
  9159 | D:10     | Found a runed translucent gate.
  9159 | D:10     | Noticed a white ugly thing
  9159 | D:10     | Noticed a purple ugly thing
  9161 | D:10     | Noticed a red ugly thing
  9161 | D:10     | Noticed a cyan ugly thing
  9161 | D:10     | Noticed a brown ugly thing
  9234 | D:10     | Noticed a soul eater
  9285 | D:10     | Killed a soul eater
  9286 | D:10     | Reached skill level 10 in Unarmed Combat
  9440 | D:10     | Noticed a rust devil
  9453 | D:11     | Slain by a cyan ugly thing

Illustrated notes

Levels and vault maps discovered:
D:1:      mrwooster_arrival_arrow, layout_loops_ring, minivault_25
D:2:      layout_loops_ring, basic_ecumenical_altar
D:3:      layout_loops_ring, serial_shops, shop, uniq_robin
D:4:      layout_basic, xom_teletrap_fun, nicolae_inconvenience_store,
          minmay_shop_grid_forest
D:5:      kennysheep_kobold_camp, layout_layer_cave,
          mainiacjoe_overflow_alcove_1, serial_shops, shop, enter_ossuary_3,
          palyth_stone_intersect
D:6:      layout_layer_cave, grunt_temple_overflow_open, temple_statues
D:7:      layout_loops_ring
D:8:      layout_basic, david_defended_altar_orc
D:9:      layout_grid_maze
D:10:     layout_loops_ring, kennysheep_ying_yang,
          ploomutoo_gammafunk_ghost_potion_laboratory, serial_demonic,
          serial_demonic_c, serial_demonic_d, serial_demonic_c,
          serial_demonic_d, serial_demonic_d, serial_demonic_c,
          serial_demonic_e, serial_demonic_b
D:11:     minmay_the_grid_triangle_9x9_rhombus_full_mashed
          [minmay_the_grid_triangle_9x9_semitri,
          minmay_the_grid_triangle_9x9_warning,
          minmay_the_grid_triangle_9x9_odd_lines,
          minmay_the_grid_triangle_9x9_fully_insulated_deathbox,
          minmay_the_grid_triangle_9x9_zippers_horizontal,
          minmay_the_grid_triangle_9x9_skeleton,
          minmay_the_grid_triangle_9x9_zippers_vertical,
          minmay_the_grid_triangle_9x9_prize_schism], layout_basic,
          erik_lair_orcish_takeover
Temple:   hellmonk_temple_divided_pantheon

Skill      XL: |  1  2  3  4  5  6  7  8  9 10 |
---------------+-------------------------------+-----
Unarmed Combat | 1 2 3 4 5 7 8 10 | 10.2
Fighting       | 3 |  3.0
Dodging        | 2 5 |  5.5
Invocations    | 3 4 |  4.7
Ice Magic      | 5 |  5.1
Spellcasting   | 3 |  3.6
Stealth        | |  1.0

Action                     |  1- 3 |  4- 6 |  7- 9 | 10-12 || total
---------------------------+-------+-------+-------+-------++-------
  Melee: Unarmed           |   100 |   207 |   432 |   135 ||   874
         Punch             |     1 |     3 |    11 |    10 ||    25
   Cast: Freeze            |       |     3 |       |       ||     3
         Ozocubu's Armour  |       |       |     3 |     3 ||     6
  Evoke: Wand              |     1 |       |     5 |       ||     6
    Use: Scroll            |       |    12 |     9 |     2 ||    23
         Potion            |       |       |     2 |     1 ||     3
   Stab: Sleeping          |       |     1 |       |     1 ||     2
 Armour: Robe              |    37 |    55 |   139 |    43 ||   274
         Skin              |       |       |    14 |       ||    14
  Dodge: Dodged            |    42 |   100 |   261 |   108 ||   511

Table legend: (Time is in decaauts)
 A = Elapsed time spent in this place.
 B = Non-inter-level travel time spent in this place.
 C = Inter-level travel time spent in this place.
 D = Time resting spent in this place.
 E = Time spent auto-exploring this place.
 F = Levels seen in this place.
 G = Mean time per level.
                   A        B        C        D        E       F      G
               +--------+--------+--------+--------+--------+-----+--------+
         Total |  10662 |  10312 |    350 |    521 |   7418 |  13 |  820.2 |
       Dungeon |  10289 |   9939 |    350 |    468 |   7317 |  11 |  935.4 |
        Temple |     54 |     54 |      0 |      0 |      6 |   1 |   54.0 |
       Ossuary |    318 |    318 |      0 |     53 |     95 |   1 |  318.0 |
               +--------+--------+--------+--------+--------+-----+--------+

Top non-repeatable levels by time:
     D:9: 1573 daAuts
     D:5: 1544 daAuts
     D:6: 1533 daAuts
    D:10: 1015 daAuts
     D:7: 913 daAuts
     D:4: 812 daAuts
     D:3: 795 daAuts
     D:8: 767 daAuts
     D:1: 696 daAuts
     D:2: 630 daAuts
 Ossuary: 318 daAuts
  Temple: 54 daAuts
    D:11: 6 daAuts
